Map: Alcyone LE

Players

Lambo

  • Race: Zerg Zerg
  • Spawn Location: 7:00

Oliveira - Winner!

  • Race: Terran Terran
  • Spawn Location: 1:00

Event: Bellum Gens Elite Stara Zagora 2024

VOD

Have the link to the VOD?

Description

Time

  • Played on: Sept. 8, 2024, 6:59 a.m.
  • Length: 6:27

All games in this series

Show
View Real Time Build Order
Export as new Build Order

Lambo Zerg 

Build Orders: Hatch First 

Get SALT Encoding   

  12  0:00  Drone  
  13  0:12  Overlord  
  13  0:17  Drone  
  14  0:30  Drone x2  
  16  0:47  Hatchery  
  15  0:50  Drone  
  15  0:53  Drone  
  17  0:57  Drone  
  18  1:04  Extractor  
  17  1:12  Spawning Pool  
  17  1:15  Drone  
  17  1:18  Drone  
  18  1:27  Drone  
  19  1:40  Drone  
  20  1:49  Overlord  
  20  1:59  Queen x2  
  20  2:00  Zergling x4  
  26  2:06  Metabolic Boost  
  26  2:10  Drone  
  26  2:11  Drone  
  28  2:21  Drone  
  29  2:23  Drone  
  30  2:31  Spore Crawler  
  30  2:38  Hatchery  
  30  2:42  Drone  
  30  2:48  Queen  
  30  2:49  Overlord  
  30  2:51  Zergling x2  
  33  2:53  Drone  
  33  2:55  Drone  
  33  2:57  Drone  
  36  3:07  Queen  
  36  3:12  Drone x3  
  41  3:13  Drone  
  41  3:16  Drone x2  
  44  3:20  Overlord  
  44  3:27  Overlord  
  44  3:39  Drone x5  
  49  3:44  Queen  
  49  3:46  Zergling x2  
  52  3:51  Zergling x4  
  53  3:56  Drone  
  53  3:57  Drone  
  53  4:00  Drone x2  
  53  4:01  Queen  
  58  4:04  Queen  
  58  4:07  Zergling x6  
  58  4:08  Drone  
  64  4:13  Drone  
  65  4:26  Overlord  
  65  4:28  Overlord  
  65  4:30  Overlord  
  64  4:31  Overlord  
  64  4:43  Queen  
  66  4:47  Overlord  
  66  4:48  Drone x8, Hatchery  
  66  4:50  Lair  
  73  4:53  Extractor  
  73  4:55  Drone x3  
  73  4:57  Overlord  
  73  4:58  Drone  
  76  5:01  Drone x2  
  76  5:03  Drone  
  79  5:09  Spore Crawler, Baneling Nest  
  79  5:10  Spore Crawler  
  79  5:12  Zergling x4  
  78  5:15  Zergling x4  
  78  5:16  Drone x2  
  78  5:18  Drone, Extractor  
  78  5:19  Drone  
  83  5:24  Evolution Chamber  
  81  5:34  Drone x8  
  87  5:40  Drone x2  
  86  5:47  Drone x4  
  81  6:00  Drone x6  
  83  6:05  Zergling x2  
Show
View Real Time Build Order
Export as new Build Order

Oliveira Terran - Winner!

Build Orders: Reaper Expand 

Get SALT Encoding   

  12  0:00  SCV  
  13  0:12  SCV  
  14  0:17  Supply Depot  
  14  0:24  SCV  
  15  0:39  SCV  
  15  0:40  Barracks  
  16  0:45  Refinery  
  16  0:51  SCV  
  17  1:03  SCV  
  18  1:15  SCV  
  19  1:27  Reaper  
  19  1:28  Orbital Command  
  20  1:39  Command Center  
  20  1:49  Supply Depot  
  20  1:53  SCV  
  21  1:59  Marine  
  22  2:06  SCV  
  23  2:12  Factory  
  23  2:18  SCV  
  23  2:22  Barracks Reactor  
  24  2:30  SCV  
  25  2:38  Command Center  
  25  2:42  SCV  
  26  2:51  Orbital Command  
  26  2:54  SCV  
  27  3:00  Starport  
  27  3:02  Refinery  
  27  3:06  SCV  
  28  3:14  Hellion x2  
  28  3:18  SCV x2  
  34  3:21  Marine  
  35  3:31  SCV x2  
  37  3:35  Hellion  
  37  3:36  Hellion  
  37  3:39  Viking  
  43  3:43  SCV x2  
  45  3:55  SCV  
  45  3:58  SCV  
  45  4:00  Hellion  
  45  4:01  Hellion  
  50  4:04  Orbital Command  
  50  4:07  SCV  
  50  4:09  Medivac  
  52  4:11  SCV  
  52  4:15  Supply Depot  
  53  4:18  Armory  
  53  4:24  Hellion x2  
  53  4:25  SCV  
  53  4:27  SCV  
  59  4:32  Barracks Tech Lab  
  59  4:34  SCV  
  59  4:37  SCV  
  61  4:39  Supply Depot, SCV  
  61  4:44  Starport Reactor  
  62  4:46  SCV, Hellion x2  
  62  4:49  SCV  
  68  4:54  Marine  
  69  5:01  Supply Depot, SCV, Barracks  
  69  5:02  Orbital Command  
  69  5:03  SCV  
  69  5:04  Supply Depot  
  71  5:13  SCV, Barracks  
  72  5:16  Factory Reactor  
  72  5:17  Engineering Bay  
  72  5:18  Engineering Bay  
  72  5:25  SCV  
  73  5:30  SCV, Marine  
  73  5:33  Refinery  
  73  5:34  Refinery  
  75  5:37  SCV  
  75  5:39  SCV  
  75  5:41  Barracks x2  
  75  5:42  SCV  
  78  5:48  Marine  
  78  5:49  SCV  
  80  5:50  Starport Reactor  
  80  5:51  SCV  
  80  5:54  SCV  
  82  5:58  Supply Depot  
  82  6:01  SCV  
  82  6:04  SCV  
  84  6:06  SCV  
  77  6:13  SCV  
Tags
 
Add a new tag
Caveats
  • Supply blocks, unpowered buildings, or Contaminate may cause inaccurate times.
  • Supply counts are checked every 10 seconds.